 Dungeon Crawl Stone Soup version 0.29-a0-231-g945431f764 (webtiles) character file.

Game seed: 9463477483719388729

13626 Morbidden the Grappler (level 11, -5/102 HPs)
             Began as a Troll Earth Elementalist on Feb 28, 2022.
             Slain by a minotaur
             ... wielding a staff of air
              (8 damage)
             ... in a Gauntlet.
             The game lasted 00:24:43 (11960 turns).

Morbidden the Grappler (Troll Earth Elementalist)  Turns: 11960, Time: 00:24:44

Health: -5/102     AC: 12    Str: 18    XL:     11   Next: 78%
Magic:  16/16      EV: 11    Int: 15    God:
Gold:   460        SH:  0    Dex: 10    Spells: 10/18 levels left

rFire   . . .      SeeInvis .     - Unarmed
rCold   . . .      Faith    .   (no shield)
rNeg    . . .      Spirit   .   y - +2 robe {Archmagi}
rPois   .          Reflect  .   (helmet restricted)
rElec   .          Harm     .   J - +1 cloak
rCorr   .          Rampage  .   (gloves unavailable)
Will    .....      Archmagi +   (boots unavailable)
Stlth   ++........ NoTele   +   C - amulet of regeneration
HPRegen 1.87/turn               q - +4 ring of protection
MPRegen 0.15/turn               s - +4 ring of slaying

@: invisible
A: large, unfitting armour, claws 3, regeneration 1, shaggy fur 1, tough skin 1
a: no special abilities


You were in a Gauntlet.
You visited 2 branches of the dungeon, and saw 12 of its levels.
You also visited: Sewer and Gauntlet.

You collected 460 gold pieces.

Inventory:

Hand Weapons
 b - the +10 longbow of War {vorpal, rElec rN+}
   (You found it on level 5 of the Dungeon)

   Any ammunition fired from it inflicts extra damage upon your enemies.
   rElec:     It insulates you from electricity.
   rN:        It protects you from negative energy.
Missiles
 a - 300 stones
 g - 5 javelins
 p - 9 poisoned darts
 w - 6 boomerangs (quivered)
 I - 2 throwing nets
 L - 6 silver boomerangs
Armour
 y - a +2 robe of the Archmagi (worn)
 J - a +1 cloak (worn)
Jewellery
 q - a +4 ring of protection (left claw)
 s - a +4 ring of slaying (right claw)
 z - the ring of Puamug {rN+ SInv}
   (You took it off an orc wizard on level 9 of the Dungeon)

   [ring of see invisible]

   rN:        It protects you from negative energy.
   SInv:      It lets you see invisible.
 A - a ring of protection from cold
 C - an amulet of regeneration (around neck)
 D - a ring of resist corrosion
 F - a +4 ring of evasion
 G - the ring "Astrapaoss" {rN+ Int+6}
   (You found it on level 9 of the Dungeon)

   [ring of intelligence]

   Int:       It affects your intelligence (+6).
   rN:        It protects you from negative energy.
Wands
 l - a wand of iceblast (5)
 E - a wand of flame (22)
Scrolls
 c - 2 scrolls of magic mapping
 d - a scroll of fear
 f - a scroll of identify
 h - a scroll of blinking {unknown}
 n - a scroll of teleportation
 u - a scroll of amnesia {unknown}
 K - a scroll of enchant weapon
Potions
 e - 2 potions of heal wounds
 j - 2 potions of cancellation
 k - a potion of magic {unknown}
 m - 2 potions of mutation {unknown}
 o - 2 potions of haste {unknown}
 r - 3 potions of flight {unknown}
 t - 2 potions of resistance
 v - a potion of brilliance {unknown}
 x - 4 potions of curing {unknown}
 B - 3 potions of might {unknown}
Miscellaneous
 H - a tin of tremorstones (2/2)


   Skills:
 * Level 5.0 Fighting
 + Level 1.5(1.8) Slings
 + Level 4.0 Bows
 + Level 1.9(2.3) Throwing
 * Level 5.6 Dodging
 + Level 2.2 Stealth
 * Level 9.0 Unarmed Combat
 * Level 4.1 Spellcasting
 * Level 4.1 Conjurations
 + Level 2.9 Transmutations
 * Level 6.5 Earth Magic
 * Level 3.2 Poison Magic


You had 10 spell levels left.
You knew the following spells:

 Your Spells              Type           Power      Damage    Failure   Level
a - Sandblast             Erth           66%        2d15      1%          1
b - Stone Arrow           Conj/Erth      56%        3d10      6%          3
z - Olgreb's Toxic Radia  Pois           19%        N/A       43%         4

Your spell library contained the following spells:

 Spells                   Type           Power      Damage    Failure   Level
 Passwall                 Tmut/Erth      20%        N/A       3%          2
 Sting                    Tmut/Pois      72%        1d6       4%          1
 Beastly Appendage        Tmut           34%        N/A       5%          1
 Foxfire                  Conj/Fire      52%        2x1d6     8%          1
 Wereblood                Tmut           17%        N/A       9%          2
 Poisonous Vapours        Pois/Air       22%        N/A       14%         2
 Spider Form              Tmut/Pois      18%        N/A       16%         3
 Conjure Flame            Conj/Fire      13%        6-21      22%         3
 Corpse Rot               Necr/Air       8%         N/A       26%         2
 Ensorcelled Hibernation  Hex/Ice        8%         N/A       26%         2
 Petrify                  Tmut/Erth      25%        N/A       26%         4
 Inner Flame              Hex/Fire       4%         N/A       47%         3
 Flame Wave               Conj/Fire      13%        2d6       58%         4
 Anguish                  Hex/Necr       2%         N/A       87%         4
 Cause Fear               Hex            2%         N/A       87%         4
 Discord                  Hex            2%         N/A       100%        8


Dungeon Overview and Level Annotations

Branches:
Dungeon (11/15)            Temple (1/1) D:6            Lair (0/6) D:8
    Orc (0/2) D:9           Sewer (visited)         Gauntlet (1/1)

Altars:
Ashenzari
Dithmenos
Elyvilon
Fedhas
Gozag
Hepliaklqana
Kikubaaqudgha
Makhleb
Nemelex Xobeh
Qazlal
Sif Muna
Trog
Uskayaw
Vehumet
Wu Jian
Yredelemnul
Zin
The Shining One

Shops:
D:1 *   D:5 [   D:6 :   D:9 =*![

Annotations:
D:3 exclusion: door
D:4 2 transporters, P0WERM0DE's ghost, weakling DDCK
D:7 5 runed translucent doors Gauntlet 6 transporters


Innate Abilities, Weirdness & Mutations

You are too large for most types of armour.
You have claws for hands.
Your natural rate of healing is unusually fast.
You are covered in fur. (AC +1)
You have tough skin. (AC +1)


Message History

You catch the helpless minotaur completely off-guard!
You scratch the minotaur.
The minotaur is moderately wounded.
You strike the helpless minotaur from behind!
You claw the minotaur!
The minotaur is heavily wounded.
The minotaur barely misses you. The minotaur gores you!
You barely miss the minotaur.
The minotaur is heavily wounded.
The minotaur hits you with a staff of air.
You are electrocuted.
The minotaur barely misses you.
Unknown command.
You catch the helpless minotaur completely off-guard!
You scratch the minotaur but do no damage.
The minotaur is heavily wounded.
The minotaur hits you but does no damage.
You are electrocuted.
The minotaur gores you!
Unknown command.
You scratch the minotaur.
The minotaur is heavily wounded.
The minotaur hits you but does no damage.
You are electrocuted.
The minotaur gores you!
Unknown command.
You strike the helpless minotaur from behind!
You claw the minotaur!
The minotaur is severely wounded.
The minotaur hits you with a staff of air!
* * * LOW HITPOINT WARNING * * *
You are electrocuted!
* * * LOW HITPOINT WARNING * * *
The minotaur gores you!
* * * LOW HITPOINT WARNING * * *
You scratch the minotaur but do no damage.
The minotaur is severely wounded.
The minotaur hits you with a staff of air.
* * * LOW HITPOINT WARNING * * *
You are electrocuted.
* * * LOW HITPOINT WARNING * * *
The minotaur gores you!
You die...

#...........#
#.###########
#.# .# #.#
### .# #.#
#8. #.# #.#
#.∩ .. #.##
#8. .#
#..#.##.##.#
##.#...H@..#
#.######.##.#
#...........#
#############


You could see a minotaur.

Vanquished Creatures
  Harold (D:10)
  A boulder beetle (D:9)
  A centaur warrior (D:10)
  2 two-headed ogres
  A thrashing horror (Gauntlet)
  A fire crab (Gauntlet)
  Amaemon (D:9)
  Pikel (D:5)
  2 ugly things
  An elephant (D:8)
  An orange demon (D:9)
  An ice devil (Gauntlet)
  A troll (D:9)
  Sigmund (D:5)
  2 wyverns
  A wraith (D:9)
  7 yaks
  Eustachio (D:5)
  3 vampire mosquitoes (D:11)
  2 fire bats (Gauntlet)
  A basilisk (D:8)
  An acid dragon (D:10)
  6 water moccasins
  3 orc warriors
  An ice beast (D:5)
  2 small abominations (Gauntlet)
  2 black bears
  3 ogres
  5 centaurs
  2 lemures (D:5)
  2 phantoms (D:5)
  A bullfrog (D:9)
  3 gnoll sergeants
  A necrophage (D:6)
  2 scorpions
  8 wights (D:9)
  A howler monkey (D:9)
  3 orc priests
  3 hounds
  3 jellies
  6 iguanas
  7 orc wizards
  A river rat (Sewer)
  6 adders
  17 gnolls
  A shadow imp (D:6)
  4 white imps (Gauntlet)
  An ufetubus (D:4)
  2 worms
  3 dart slugs
  24 orcs
  8 ball pythons
  3 bats
  12 endoplasms
  8 giant cockroaches
  5 goblins
  3 hobgoblins
  6 kobolds
  7 quokkas
  2 frilled lizards
  6 rats
217 creatures vanquished.

Vanquished Creatures (others)
  6 plants (D:4)
6 creatures vanquished.

Grand Total: 223 creatures vanquished

Notes
Turn   | Place    | Note
-------+----------+-------------------------------------------
     0 | D:1      | Morbidden the Troll Earth Elementalist began the quest for
                  | the Orb.
     0 | D:1      | Reached XP level 1. HP: 16/16 MP: 1/1
   302 | D:1      | Found Itaus's General Store.
   309 | D:1      | Reached XP level 2. HP: 24/24 MP: 2/2
  1146 | D:2      | Reached skill level 1 in Transmutations
  1146 | D:2      | Reached XP level 3. HP: 22/31 MP: 1/4
  1558 | D:2      | Reached skill level 1 in Unarmed Combat
  1959 | D:3      | Reached XP level 4. HP: 40/40 MP: 5/5
  2089 | D:3      | Identified the +2 leather armour "Ipto Walo" {Rampage}
  2440 | D:3      | Reached skill level 1 in Fighting
  2770 | D:3      | Found a shimmering blue altar of Sif Muna.
  3209 | D:4      | Found a transporter.
  3247 | D:4      | Reached XP level 5. HP: 18/48 MP: 6/6
  3342 | D:4      | Found a glowing drain.
  3353 | Sewer    | Entered a sewer
  3476 | Sewer    | Reached skill level 2 in Unarmed Combat
  3567 | Sewer    | Found a viscous altar of Jiyva.
  3890 | D:4      | Learned a level 3 spell: Stone Arrow
  3926 | D:4      | Found a transporter.
  3938 | D:4      | Noticed P0WERM0DE's ghost (weakling DDCK)
  4076 | D:4      | Reached XP level 6. HP: 56/57 MP: 5/7
  4293 | D:5      | Entered Level 5 of the Dungeon
  4311 | D:5      | Noticed Sigmund
  4313 | D:5      | Noticed Eustachio
  4334 | D:5      | Killed Sigmund
  4335 | D:5      | Reached skill level 1 in Slings
  4401 | D:5      | Killed Eustachio
  4402 | D:5      | Reached XP level 7. HP: 51/65 MP: 8/8
  4429 | D:5      | Reached skill level 3 in Unarmed Combat
  4477 | D:5      | Reached skill level 1 in Conjurations
  5145 | D:5      | Reached XP level 8. HP: 69/74 MP: 10/10
  5166 | D:5      | Identified the +10 longbow of War {vorpal, rElec rN+}
  5169 | D:5      | Found Enoheiw's Armour Shop.
  5241 | D:5      | Noticed Pikel
  5311 | D:5      | Killed Pikel
  5312 | D:5      | Reached skill level 4 in Unarmed Combat
  5501 | D:5      | Reached skill level 5 in Unarmed Combat
  5693 | D:5      | Reached XP level 9. HP: 64/83 MP: 12/12
  5936 | D:6      | Learned a level 4 spell: Olgreb's Toxic Radiance
  6177 | D:6      | Found Duraa's Book Shoppe.
  6489 | D:6      | Found a staircase to the Ecumenical Temple.
  6628 | Temple   | Entered the Ecumenical Temple
  6896 | D:7      | Found a runed translucent gate.
  6897 | D:7      | Found the +9 staff of Olgreb {rPois∞}
  6903 | D:7      | Found a runed translucent door.
  6968 | D:7      | Found a runed translucent gate.
  6969 | D:7      | Found a runed translucent gate.
  6984 | D:7      | Noticed a red ugly thing
  6995 | D:7      | Killed a red ugly thing
  6996 | D:7      | Reached skill level 1 in Bows
  6996 | D:7      | Reached skill level 6 in Unarmed Combat
  6996 | D:7      | Reached skill level 5 in Earth Magic
  6996 | D:7      | Reached skill level 1 in Poison Magic
  7246 | D:7      | Found a runed translucent door.
  7440 | D:7      | Found a glowing golden altar of the Shining One.
  7760 | D:8      | Found a staircase to the Lair.
  7760 | D:8      | Noticed an elephant
  7800 | D:8      | Killed an elephant
  7801 | D:8      | Reached skill level 1 in Throwing
  7801 | D:8      | Reached XP level 10. HP: 92/92 MP: 13/13
  7841 | D:8      | Reached skill level 7 in Unarmed Combat
  8194 | D:8      | Found an ancient bone altar of Kikubaaqudgha.
  8206 | D:8      | Found a hide-covered altar of Uskayaw.
  8723 | D:9      | Found Juakk's Armour Emporium.
  8740 | D:9      | Noticed a two-headed ogre
  8749 | D:9      | Killed a two-headed ogre
  8825 | D:9      | Found Hoaniuz's Distillery.
  8862 | D:9      | Noticed a purple ugly thing
  8878 | D:9      | Killed a purple ugly thing
  8883 | D:9      | Reached skill level 8 in Unarmed Combat
  8994 | D:9      | Found Wenenn's General Store.
  9028 | D:9      | Reached skill level 5 in Dodging
  9110 | D:9      | Identified the ring "Astrapaoss" {rN+ Int+6}
  9116 | D:9      | Noticed a boulder beetle
  9134 | D:9      | Killed a boulder beetle
  9135 | D:9      | Reached XP level 11. HP: 71/101 MP: 7/15
  9224 | D:9      | Found an opulent altar of Gozag.
  9235 | D:9      | Noticed Amaemon
  9465 | D:9      | Killed Amaemon
  9516 | D:9      | Found Culuw's Jewellery Boutique.
  9564 | D:9      | Identified the ring of Puamug {rN+ SInv}
  9587 | D:9      | Found a staircase to the Orcish Mines.
 10280 | D:10     | Entered Level 10 of the Dungeon
 10280 | D:10     | Found a bloodstained altar of Trog.
 10409 | D:10     | Noticed Harold
 10430 | D:10     | Killed Harold
 10822 | D:10     | Noticed a centaur warrior
 10832 | D:10     | Killed a centaur warrior
 11216 | D:10     | Noticed a two-headed ogre
 11225 | D:10     | Killed a two-headed ogre
 11352 | D:11     | Found a gate leading to a gauntlet.
 11515 | Gauntlet | Entered a Gauntlet
 11515 | Gauntlet | Noticed a necromancer
 11515 | Gauntlet | Found a transporter.
 11515 | Gauntlet | Found a transporter.
 11515 | Gauntlet | Found a transporter.
 11525 | Gauntlet | Found a transporter.
 11528 | Gauntlet | Found a transporter.
 11535 | Gauntlet | Noticed a fire crab
 11537 | Gauntlet | Found a transporter.
 11539 | Gauntlet | Found a transporter.
 11544 | Gauntlet | Noticed a thrashing horror
 11550 | Gauntlet | Found a transporter.
 11565 | Gauntlet | Found a transporter.
 11596 | Gauntlet | Found a transporter.
 11599 | Gauntlet | Found a transporter.
 11606 | Gauntlet | Noticed a tengu warrior
 11609 | Gauntlet | Found a transporter.
 11834 | Gauntlet | Killed a fire crab
 11890 | Gauntlet | Killed a thrashing horror
 11891 | Gauntlet | Reached skill level 5 in Fighting
 11891 | Gauntlet | Reached skill level 9 in Unarmed Combat
 11904 | Gauntlet | Identified the ring "Wubedalu" {Fly Str+3}
 11947 | Gauntlet | Noticed a minotaur
 11960 | Gauntlet | HP: 3/102 [minotaur/staff of air (3)]
 11960 | Gauntlet | Slain by a minotaur

Illustrated notes

Levels and vault maps discovered:
D:1:      pf_arrival_petrified_forest, layout_loops_corners, serial_shops, shop,
          patterned_corridor
D:2:      layout_loops_corners
D:3:      layout_loops_ring, led_sif_book, minmay_misc_feat_x,
          grunt_ministairs_2, eino_tiny_chamber
D:4:      layout_basic, gammafunk_ghost_gnarly_gnolls, gup_sewer_entry_pipe
D:5:      layout_basic, kennysheep_windowed_goal, uniq_sigmund, uniq_pikel,
          uniq_eustachio
D:6:      layout_rooms, temple_hall_moat, serial_shops,
          nicolae_shop_window_shopping, serial_co_window_serial,
          co_window_corner_a, co_window_corner_a, co_window_paths_a,
          co_window_paths_a, co_window_corner_a, co_window_cross_4,
          co_window_corner_cb, co_window_of_opportunity_b,
          co_window_of_opportunity_c, co_window_paths_c, glass_columns_a,
          glass_columns_a, glass_columns_a
D:7:      layout_basic, nicolae_tso_carved_into_rock,
          minmay_guarded_unrand_staff_of_olgreb
D:8:      layout_loops_corners, minitemple, david_lair_generic
D:9:      layout_grid_maze, nicolae_gozag_cash_rules_everything_around_me,
          orc_0_dummy, serial_shops, nicolae_shop_crystal, shop_fountains, shop,
          shop, uniq_amaemon
D:10:     layout_long_grid, mainiacjoe_overflow_catwalk,
          nicolae_overflow_hidden_temple, kennysheep_generic_room_15,
          uniq_harold
D:11:     layout_roguey, gauntlet_entry_generic, uniq_gastronok, uniq_fannar,
          uniq_nergalle
Temple:   hc_temple_tempest_star
Gauntlet: minmay_gauntlet_mixed_big_or_small [gammafunk_gauntlet_arena_teeth,
          minmay_gauntlet_arena_77_squiggly, nicolae_gauntlet_arena_blocks,
          minmay_gauntlet_arena_77_fan, gammafunk_gauntlet_arena_grid,
          minmay_gauntlet_arena_77_chump_sandwich,
          dreamdust_gauntlet_exit_labyrinth]

Skill      XL: |  1  2  3  4  5  6  7  8  9 10 11 |
---------------+----------------------------------+-----
Earth Magic    | 3 4 5 6 |  6.5
Transmutations | 1 2 |  2.9
Unarmed Combat | 1 2 3 5 6 8 9 |  9.0
Fighting       | 1 2 3 4 5 |  5.0
Dodging        | 2 3 4 5 |  5.6
Slings         | 1 |  1.5
Spellcasting   | 2 3 4 |  4.1
Conjurations   | 1 2 3 4 |  4.1
Bows           | 2 4 |  4.0
Poison Magic   | 1 2 3 |  3.2
Throwing       | 1 |  1.9
Stealth        | 2 |  2.2

Action                   |  1- 3 |  4- 6 |  7- 9 | 10-12 || total
-------------------------+-------+-------+-------+-------++-------
Melee: Unarmed           |    65 |   120 |   183 |   176 ||   544
       Punch             |     1 |     1 |     5 |    12 ||    19
 Fire: Hunting sling     |     6 |    59 |     2 |       ||    67
       Longbow           |       |       |    58 |    96 ||   154
Throw: Javelin           |       |     6 |     6 |       ||    12
       Boomerang         |       |       |     9 |     7 ||    16
       Dart              |       |       |       |    10 ||    10
 Cast: Sandblast         |     7 |    12 |    27 |       ||    46
       Stone Arrow       |       |       |       |     2 ||     2
       Olgreb's Toxic Ra |       |       |       |     1 ||     1
Evoke: Wand              |       |       |     1 |       ||     1
  Use: Scroll            |       |     5 |     1 |    11 ||    17
       Potion            |       |     1 |     2 |     4 ||     7
 Stab: Sleeping          |     1 |       |     1 |       ||     2
       Petrified         |       |       |     8 |       ||     8
       Invisible         |       |       |     1 |     5 ||     6
Armor: Robe              |    23 |    61 |    94 |   103 ||   281
       Skin              |       |    11 |    13 |     2 ||    26
Dodge: Dodged            |    40 |    86 |    97 |   111 ||   334

Table legend: (Time is in decaauts)
 A = Elapsed time spent in this place.
 B = Non-inter-level travel time spent in this place.
 C = Inter-level travel time spent in this place.
 D = Time resting spent in this place.
 E = Time spent auto-exploring this place.
 F = Levels seen in this place.
 G = Mean time per level.
                   A        B        C        D        E       F      G
               +--------+--------+--------+--------+--------+-----+--------+
         Total |  12079 |  11141 |    938 |   1384 |   7429 |  14 |  862.8 |
       Dungeon |  11111 |  10186 |    925 |   1262 |   6968 |  11 | 1010.1 |
        Temple |    203 |    190 |     13 |      0 |    176 |   1 |  203.0 |
         Sewer |    327 |    327 |      0 |     24 |    154 |   1 |  327.0 |
      Gauntlet |    436 |    436 |      0 |     98 |    131 |   1 |  436.0 |
               +--------+--------+--------+--------+--------+-----+--------+

Top non-repeatable levels by time:
     D:5: 1507 daAuts
     D:9: 1235 daAuts
     D:3: 1117 daAuts
     D:8: 1105 daAuts
    D:10: 1084 daAuts
     D:4: 1072 daAuts
     D:6: 1026 daAuts
     D:2: 985 daAuts
     D:7: 954 daAuts
     D:1: 861 daAuts
Gauntlet: 436 daAuts
   Sewer: 327 daAuts
  Temple: 203 daAuts
    D:11: 159 daAuts
